Map: [ESL] Royal Blood

Players

Lambo - Winner!

  • Race: Zerg Zerg
  • Spawn Location: 1:00

RagnaroK (SHIN)

  • Race: Zerg Zerg
  • Spawn Location: 7:00

Event: ESL SC2 Masters 2023 Summer (Finals)

VOD

Have the link to the VOD?

Description

Time

  • Played on: June 17, 2023, 5:20 a.m.
  • Length: 9:39

All games in this series

Show
View Real Time Build Order
Export as new Build Order

Lambo Zerg - Winner!

Build Orders: Hatch First 

Get SALT Encoding   

  12  0:00  Drone  
  13  0:12  Overlord  
  13  0:17  Drone  
  14  0:30  Drone x2  
  16  0:47  Hatchery  
  15  0:51  Drone  
  15  0:54  Drone  
  17  1:07  Spawning Pool  
  16  1:11  Extractor  
  16  1:13  Drone  
  16  1:16  Drone  
  17  1:19  Drone  
  18  1:27  Drone  
  19  1:38  Drone  
  20  1:49  Drone  
  21  1:59  Queen x2  
  21  2:00  Zergling x2, Overlord  
  26  2:09  Drone  
  26  2:10  Drone  
  28  2:19  Metabolic Boost  
  28  2:21  Drone  
  29  2:23  Drone  
  30  2:36  Zergling x2  
  30  2:37  Drone  
  32  2:39  Hatchery  
  32  2:42  Drone  
  32  2:45  Baneling Nest  
  31  2:51  Overlord  
  31  2:56  Drone x2  
  33  3:05  Zergling x2  
  34  3:09  Drone x2  
  34  3:11  Drone  
  34  3:12  Zergling x4  
  39  3:14  Drone x2  
  39  3:18  Drone  
  42  3:24  Drone  
  43  3:27  Extractor  
  43  3:28  Roach Warren  
  43  3:33  Evolution Chamber, Baneling  
  40  3:38  Drone x2  
  40  3:40  Drone x2  
  43  3:41  Overlord  
  43  3:47  Overlord  
  43  3:50  Overlord  
  43  3:53  Drone  
  44  4:10  Roach x3  
  44  4:11  Roach x3  
  44  4:15  Roach, Drone  
  59  4:18  Baneling x4  
  59  4:20  Roach  
  59  4:23  Zergling x4  
  63  4:29  Roach x2  
  61  4:41  Roach x3  
  67  4:46  Queen  
  67  4:47  Zergling x6  
  72  4:53  Baneling x2  
  72  4:54  Overlord  
  72  4:59  Zergling x2  
  73  5:03  Overlord  
  73  5:11  Baneling  
  73  5:12  Baneling x3  
  73  5:20  Zergling x16  
  81  5:21  Baneling x2  
  81  5:25  Zergling x2  
  79  5:35  Zergling x4  
  72  5:45  Zergling x6  
  70  5:50  Zergling x2  
  70  5:52  Queen x2  
  70  5:56  Drone x2  
  74  5:59  Drone  
  75  6:06  Zergling x4  
  77  6:11  Zergling x2  
  77  6:13  Ravager x2  
  77  6:15  Queen  
  77  6:17  Zergling x4  
  84  6:19  Zergling x2  
  84  6:25  Zergling x4  
  86  6:28  Queen  
  86  6:31  Zergling x2  
  80  6:35  Zergling x4  
  80  6:43  Zergling x2  
  80  6:44  Ravager  
  78  6:47  Zergling x4  
  78  6:52  Zergling x2  
  77  6:57  Zerg Missile Weapons Level 1  
  77  6:58  Lair  
  77  6:59  Extractor  
  72  7:01  Drone x2  
  72  7:05  Drone  
  71  7:10  Roach x2  
  71  7:14  Drone x2  
  71  7:15  Drone x4  
  77  7:18  Roach x2  
  75  7:24  Roach  
  75  7:26  Roach x2  
  75  7:28  Drone x2  
  78  7:31  Roach  
  78  7:34  Roach  
  80  7:37  Extractor  
  80  7:38  Drone  
  80  7:41  Drone  
  79  7:45  Drone  
  79  7:51  Drone x6  
  86  7:54  Roach  
  86  7:56  Glial Reconstitution, Drone  
  89  7:59  Overlord  
  89  8:06  Overlord  
  89  8:07  Overlord  
  89  8:12  Overlord, Extractor  
  89  8:16  Overlord  
  89  8:19  Roach x5  
  98  8:26  Roach x5  
  108  8:29  Roach  
  108  8:33  Roach  
  112  8:37  Roach x3  
  112  8:40  Roach  
  120  8:45  Roach x3  
  120  8:47  Roach  
  128  8:50  Roach  
  128  8:51  Overlord  
  130  9:01  Overlord  
  129  9:11  Roach  
  129  9:12  Roach x3  
  129  9:13  Overlord  
  137  9:17  Overlord  
Show
View Real Time Build Order
Export as new Build Order

RagnaroK Zerg 

Build Orders: Hatch First, Zergling Baneling 

Get SALT Encoding   

  12  0:00  Drone  
  13  0:12  Overlord  
  13  0:16  Drone  
  14  0:30  Drone x2  
  16  0:47  Hatchery  
  15  0:50  Drone  
  15  0:54  Drone  
  18  0:57  Drone  
  18  1:08  Extractor  
  17  1:12  Spawning Pool  
  17  1:15  Drone  
  17  1:18  Drone  
  18  1:28  Drone  
  19  1:38  Drone  
  20  1:49  Drone  
  21  1:59  Queen x2  
  21  2:00  Drone x2  
  27  2:10  Overlord  
  27  2:11  Zergling x2  
  27  2:12  Metabolic Boost  
  28  2:28  Hatchery  
  28  2:29  Drone  
  28  2:31  Drone  
  28  2:34  Drone  
  28  2:36  Drone  
  31  2:43  Queen  
  33  2:46  Drone  
  34  2:51  Baneling Nest  
  34  2:56  Overlord  
  34  2:58  Drone  
  34  3:07  Zergling x4  
  35  3:15  Zergling x6  
  35  3:16  Overlord  
  35  3:19  Drone x2  
  40  3:22  Drone  
  41  3:28  Drone x2, Evolution Chamber  
  42  3:36  Drone  
  43  3:45  Zergling x10  
  48  3:51  Baneling x2  
  48  3:53  Zergling x10  
  53  3:57  Overlord  
  53  4:00  Zergling x2  
  54  4:05  Zergling x4  
  54  4:07  Baneling x5  
  56  4:11  Overlord  
  56  4:12  Zergling x2  
  56  4:16  Baneling x3  
  57  4:19  Zergling x6  
  60  4:30  Drone x6  
  64  4:32  Drone  
  64  4:39  Zergling x2  
  64  4:40  Zergling x2, Roach Warren  
  64  4:42  Zergling x2  
  64  4:49  Extractor  
  64  4:51  Spine Crawler  
  64  4:52  Drone  
  63  4:53  Zergling x4  
  63  4:55  Overlord  
  63  4:58  Zerg Missile Weapons Level 1  
  65  5:03  Zergling x6  
  68  5:08  Overlord  
  68  5:17  Overlord  
  68  5:18  Overlord  
  68  5:20  Roach x3  
  72  5:23  Roach  
  72  5:26  Roach  
  70  5:28  Roach  
  70  5:33  Roach  
  65  5:43  Roach x2  
  65  5:47  Queen x2  
  65  5:48  Zergling x4  
  61  5:51  Roach  
  61  5:54  Roach  
  61  5:57  Roach  
  59  6:01  Roach  
  56  6:05  Roach  
  56  6:07  Zergling x4  
  56  6:10  Queen  
  62  6:13  Roach  
  62  6:16  Roach  
  66  6:22  Zergling x4, Roach  
  66  6:25  Roach  
  72  6:29  Roach  
  65  6:32  Zergling x2  
  65  6:33  Zergling x4  
  65  6:35  Roach  
  65  6:39  Roach  
  65  6:42  Roach  
  65  6:46  Zergling x2  
  60  6:48  Roach  
  60  6:51  Zergling x2  
  61  6:55  Roach  
  61  6:57  Roach, Queen  
  57  7:01  Roach  
  57  7:06  Roach  
  58  7:09  Zergling x2  
  58  7:11  Roach  
  53  7:16  Drone x2  
  53  7:17  Roach  
  53  7:20  Drone  
  52  7:23  Drone  
  52  7:25  Drone  
  52  7:29  Roach  
  51  7:30  Drone  
  51  7:33  Drone  
  51  7:35  Drone  
  51  7:37  Drone  
  54  7:40  Roach  
  56  7:44  Queen  
  56  7:47  Drone  
  56  7:50  Roach  
  61  7:52  Roach  
  61  7:55  Roach  
  65  8:01  Queen, Extractor  
  65  8:03  Roach  
  68  8:08  Roach, Drone  
  68  8:11  Roach  
  73  8:14  Roach  
  73  8:16  Roach  
  76  8:23  Overlord  
  76  8:24  Roach  
  76  8:25  Roach  
  80  8:30  Roach  
  80  8:33  Drone  
  80  8:34  Drone x2  
  85  8:41  Roach x3  
  89  8:46  Roach  
  93  8:54  Drone x2  
  93  8:55  Roach x2  
  99  9:06  Roach  
  99  9:08  Roach  
  103  9:12  Roach  
  103  9:13  Extractor  
  103  9:15  Roach  
  106  9:19  Overlord x2  
Tags
 
Add a new tag
Caveats
  • Supply blocks, unpowered buildings, or Contaminate may cause inaccurate times.
  • Supply counts are checked every 10 seconds.